SKY
SAN FRANCISCO GIANTS @ PORTLAND HOPS
09/13/2052
 
TOP OF THE 1ST
San Francisco Giants batting - Pitching for Portland Hops : RHP Victor Hayden
Pitching: RHP Victor Hayden
Batting: RHB Kaiden Clackum 0-0: Ball
1-0: Called Strike
1-1: Ground out 1-3 (Groundball, 15, EV 68.8 MPH)
Batting: RHB Nolan Peterson 0-0: Ball
1-0: Ball
2-0: Foul Ball, location: 7LDF
2-1: Swinging Strike
2-2: Strikes out swinging
Batting: LHB Jeff Edelman 0-0: Foul Ball, location: 5F
0-1: Foul Ball, location: 2F
0-2: Ball
1-2: Foul Ball, location: 3FF
1-2: Foul Ball, location: 7LSF
1-2: Ground out 4-3 (Groundball, 4, EV 108.8 MPH)
Top of the 1st over - 0 runs, 0 hits, 0 errors, 0 left on base; San Francisco 0 - Portland 0
BOTTOM OF THE 1ST
Portland Hops batting - Pitching for San Francisco Giants : RHP Sam Lettich
Pitching: RHP Sam Lettich
Batting: RHB Mason Stapleton 0-0: Called Strike
0-1: Swinging Strike
0-2: Strikes out swinging
Batting: LHB Roy Popko 0-0: Ball
1-0: Ball
2-0: Swinging Strike
2-1: Called Strike
2-2: Foul Ball, location: 5DF
2-2: Strikes out swinging
Batting: LHB Tyler Schember 0-0: Swinging Strike
0-1: Ball
1-1: Ball
2-1: Swinging Strike
2-2: Foul Ball, location: 23FF
2-2: Ball
3-2: Foul Ball, location: 2F
3-2: Foul Ball, location: 9LMF
3-2: Strikes out swinging
Bottom of the 1st over - 0 runs, 0 hits, 0 errors, 0 left on base; San Francisco 0 - Portland 0
TOP OF THE 2ND
San Francisco Giants batting - Pitching for Portland Hops : RHP Victor Hayden
Batting: RHB Theodore Phu 0-0: Foul Ball, location: 7LSF
0-1: Called Strike
0-2: Ball
1-2: Ball
2-2: Foul Ball, location: 7LSF
2-2: Strikes out swinging
Batting: RHB Zavier Austin 0-0: Ground out 5-3 (Groundball, 5L, EV 82.5 MPH)
Batting: RHB Jackson Maul 0-0: Swinging Strike
0-1: Ball
1-1: Foul Ball, location: 2F
1-2: Foul Ball, location: 2F
1-2: Fly out, F6 (Popup, 6S, EV 72.5 MPH)
Top of the 2nd over - 0 runs, 0 hits, 0 errors, 0 left on base; San Francisco 0 - Portland 0
BOTTOM OF THE 2ND
Portland Hops batting - Pitching for San Francisco Giants : RHP Sam Lettich
Batting: RHB Donato Santana 0-0: Foul Ball, location: 5DF
0-1: Ball
1-1: Ball
2-1: Ground out 6-3 (Groundball, 6, EV 78.8 MPH)
Batting: RHB Randy Najera 0-0: Ball
1-0: Swinging Strike
1-1: Foul Ball, location: 2F
1-2: Ground out 5-3 (Groundball, 56S, EV 79.4 MPH)
Batting: RHB R.J. Medina 0-0: Ball
1-0: Ball
2-0: Ball
3-0: Base on Balls
Batting: LHB Noah Austin 0-0: Swinging Strike
0-1: Ball
1-1: Ball
2-1: Ball
3-1: Base on Balls
R.J. Medina to second
Batting: RHB Pete Koo 0-0: Called Strike
0-1: Ground out 5-3 (Groundball, 56, EV 106.3 MPH)
Bottom of the 2nd over - 0 runs, 0 hits, 0 errors, 2 left on base; San Francisco 0 - Portland 0
TOP OF THE 3RD
San Francisco Giants batting - Pitching for Portland Hops : RHP Victor Hayden
Batting: RHB Rhett Damewood 0-0: Called Strike
0-1: Foul Ball, location: 25F
0-2: Foul Ball, location: 2F
0-2: DOUBLE (Line Drive, 7LM, EV 92.5 MPH)
Batting: RHB Sebastian Schleusner 0-0: Called Strike
0-1: Ball
1-1: Swinging Strike
1-2: Ball
2-2: DOUBLE (Line Drive, 7LM, EV 98.8 MPH)
Rhett Damewood scores
Batting: LHB Ray Gettelfinger 0-0: Sac Bunt to 25 - play at first, batter OUT! 5-3
Sebastian Schleusner to third
Batting: RHB Kaiden Clackum 0-0: Ball
1-0: Called Strike
1-1: Reached on error, E5 (Groundball, 5S, EV 66.9 MPH)
Batting: RHB Nolan Peterson 0-0: Ball
1-0: Called Strike
1-1: Grounds into double play, 4-6-3 (Groundball, 4, EV 88.8 MPH)
Top of the 3rd over - 1 run, 2 hits, 1 error, 1 left on base; San Francisco 1 - Portland 0
BOTTOM OF THE 3RD
Portland Hops batting - Pitching for San Francisco Giants : RHP Sam Lettich
Batting: RHB Dean Cunningham 0-0: Ball
1-0: Foul Ball, location: 2F
1-1: Swinging Strike
1-2: Foul Ball, location: 2F
1-2: Strikes out swinging
Batting: RHB Mason Stapleton 0-0: Ball
1-0: Foul Ball, location: 3FF
1-1: Ball
2-1: Ground out 1-3 (Groundball, 13S, EV 73.1 MPH)
Batting: LHB Roy Popko 0-0: Ball
1-0: Foul Ball, location: 2F
1-1: Fly out, F7 (Flyball, 7, EV 88.8 MPH)
Bottom of the 3rd over - 0 runs, 0 hits, 0 errors, 0 left on base; San Francisco 1 - Portland 0
TOP OF THE 4TH
San Francisco Giants batting - Pitching for Portland Hops : RHP Victor Hayden
Batting: LHB Jeff Edelman 0-0: Ball
1-0: Called Strike
1-1: SOLO HOME RUN (Line Drive, 9D, EV 96.9 MPH), Distance : 368 ft
Batting: RHB Theodore Phu 0-0: Called Strike
0-1: Foul Ball, location: 7LSF
0-2: Strikes out looking
Batting: RHB Zavier Austin 0-0: Ball
1-0: Ball
2-0: Ball
3-0: Foul Ball, location: 2F
3-1: Foul Ball, location: 7LSF
3-2: Foul Ball, location: 2F
3-2: Base on Balls
Batting: RHB Jackson Maul 0-0: Ball
1-0: Ball
2-0: Ball
Wild Pitch!
Zavier Austin to second
3-0: Called Strike
3-1: Ground out 6-3 (Groundball, 6, EV 104.4 MPH)
Batting: RHB Rhett Damewood 0-0: Ball
1-0: Fly out, F4 (Popup, 23, EV 83.8 MPH)
Top of the 4th over - 1 run, 1 hit, 0 errors, 1 left on base; San Francisco 2 - Portland 0
BOTTOM OF THE 4TH
Portland Hops batting - Pitching for San Francisco Giants : RHP Sam Lettich
Batting: LHB Tyler Schember 0-0: Called Strike
0-1: Fly out, F5 (Popup, 5F, EV 75.0 MPH)
Batting: RHB Donato Santana 0-0: Swinging Strike
0-1: Ball
1-1: Ball
2-1: Swinging Strike
2-2: Strikes out swinging
Batting: RHB Randy Najera 0-0: Foul Ball, location: 5FF
0-1: Called Strike
0-2: Strikes out swinging
Bottom of the 4th over - 0 runs, 0 hits, 0 errors, 0 left on base; San Francisco 2 - Portland 0
TOP OF THE 5TH
San Francisco Giants batting - Pitching for Portland Hops : RHP Victor Hayden
Batting: RHB Sebastian Schleusner 0-0: Called Strike
0-1: Called Strike
0-2: Foul Ball, location: 9LDF
0-2: Ball
1-2: Ball
2-2: Ground out 5-3 (Groundball, 5L, EV 103.1 MPH)
Batting: LHB Ray Gettelfinger 0-0: Foul Ball, location: 2F
0-1: Ball
1-1: Ball
2-1: SINGLE (Groundball, 6MD, EV 104.4 MPH)
Batting: RHB Kaiden Clackum 0-0: Called Strike
0-1: Ball
Ray Gettelfinger steals 2nd base
1-1: Foul Ball, location: 2F
1-2: Ball
2-2: Ball
3-2: Ground out 4-3 (Groundball, 4S, EV 85.6 MPH)
Ray Gettelfinger to third
Pitching: RHP Sonny Maldonado
Batting: RHB Nolan Peterson 0-0: Called Strike
0-1: Ball
1-1: DOUBLE (Groundball, 5L, EV 93.8 MPH)
Ray Gettelfinger scores
Batting: LHB Jeff Edelman 0-0: Called Strike
0-1: Ground out 5-3 (Groundball, 56S, EV 92.5 MPH)
Top of the 5th over - 1 run, 2 hits, 0 errors, 1 left on base; San Francisco 3 - Portland 0
BOTTOM OF THE 5TH
Portland Hops batting - Pitching for San Francisco Giants : RHP Sam Lettich
Batting: RHB R.J. Medina 0-0: Ball
1-0: Fly out, F7 (Line Drive, 7S, EV 93.8 MPH)
Batting: LHB Noah Austin 0-0: Ball
1-0: Foul Ball, location: 2F
1-1: SINGLE (Line Drive, 6MD, EV 98.1 MPH)
Batting: RHB Pete Koo 0-0: Called Strike
0-1: Ball
1-1: Called Strike
1-2: Ball
2-2: Grounds into double play, 4-6-3 (Groundball, 4S, EV 86.3 MPH)
Bottom of the 5th over - 0 runs, 1 hit, 0 errors, 0 left on base; San Francisco 3 - Portland 0
TOP OF THE 6TH
San Francisco Giants batting - Pitching for Portland Hops : RHP Sonny Maldonado
Batting: RHB Theodore Phu 0-0: Called Strike
0-1: Foul Ball, location: 9LDF
0-2: Foul Ball, location: 9LMF
0-2: Ball
1-2: Strikes out swinging
Batting: RHB Zavier Austin 0-0: Called Strike
0-1: Foul Ball, location: 2F
0-2: Ball
1-2: Ball
2-2: Strikes out looking
Batting: RHB Jackson Maul 0-0: Swinging Strike
0-1: SINGLE (Groundball, 56D, EV 101.3 MPH)
Batting: RHB Rhett Damewood 0-0: Ball
1-0: Called Strike
1-1: SINGLE (Line Drive, 8RS, EV 87.5 MPH)
Jackson Maul to second
Runner from 2nd tries for 3rd, SAFE, no throw by CF
Pinch Runner at 3rd Cole Blake:
Batting: RHB Sebastian Schleusner 0-0: Ball
1-0: Ball
Wild Pitch!
Cole Blake scores
Rhett Damewood to second
2-0: Ball
3-0: Called Strike
3-1: Base on Balls
Batting: LHB Ray Gettelfinger 0-0: Called Strike
0-1: Ball
1-1: DOUBLE (Line Drive, 89D, EV 110.6 MPH)
Rhett Damewood scores
Sebastian Schleusner to third
Runner from 3rd tries for Home, SAFE, throw by RF to trailing runner, OUT at third! 9-3-5
Top of the 6th over - 3 runs, 3 hits, 0 errors, 0 left on base; San Francisco 6 - Portland 0
BOTTOM OF THE 6TH
Portland Hops batting - Pitching for San Francisco Giants : RHP Sam Lettich
Now at 1B: Rhett Damewood
Now at 2B: Cole Blake
Batting: RHB Dean Cunningham 0-0: Ball
1-0: Fly out, F1 (Line Drive, P, EV 67.5 MPH)
Pitching: RHP Alcander Eaton
Batting: RHB Mason Stapleton 0-0: Called Strike
0-1: Fly out, F9 (Flyball, 9D, EV 98.1 MPH)
Batting: LHB Roy Popko 0-0: Ball
1-0: Ball
2-0: Foul Ball, location: 3FF
2-1: Ground out 4-3 (Groundball, 4, EV 89.4 MPH)
Bottom of the 6th over - 0 runs, 0 hits, 0 errors, 0 left on base; San Francisco 6 - Portland 0
TOP OF THE 7TH
San Francisco Giants batting - Pitching for Portland Hops : RHP Sonny Maldonado
Pitching: LHP John Burns
Batting: RHB Kaiden Clackum 0-0: Called Strike
0-1: Ground out U3 (Groundball, 34, EV 88.1 MPH)
Batting: RHB Nolan Peterson 0-0: Ball
1-0: Foul Ball, location: 9LSFF
1-1: Swinging Strike
1-2: Ball
2-2: Fly out, F4 (Line Drive, 4, EV 76.3 MPH)
Batting: LHB Jeff Edelman 0-0: Called Strike
0-1: Ball
1-1: SINGLE (Groundball, 15, EV 63.8 MPH) (infield hit)
Batting: RHB Theodore Phu 0-0: Ball
1-0: Swinging Strike
1-1: Called Strike
1-2: Ball
2-2: Ground out U3 (Groundball, 3L, EV 78.8 MPH)
Top of the 7th over - 0 runs, 1 hit, 0 errors, 1 left on base; San Francisco 6 - Portland 0
BOTTOM OF THE 7TH
Portland Hops batting - Pitching for San Francisco Giants : RHP Alcander Eaton
Batting: LHB Tyler Schember 0-0: Fly out, F9 (Flyball, 8RD, EV 89.4 MPH)
Batting: RHB Donato Santana 0-0: SINGLE (Flyball, 78S, EV 91.3 MPH)
Batting: RHB Randy Najera 0-0: Ball
1-0: SINGLE (Groundball, 34D, EV 101.3 MPH)
Donato Santana to second
Batting: RHB R.J. Medina 0-0: SINGLE (Groundball, 4MD, EV 95.6 MPH)
Donato Santana to third
Randy Najera to second
Batting: LHB Noah Austin 0-0: Ball
1-0: Swinging Strike
1-1: Foul Ball, location: 3F
1-2: Strikes out swinging
Batting: RHB Pete Koo 0-0: SINGLE (Flyball, 8RS, EV 96.9 MPH)
Donato Santana scores
Randy Najera to third
R.J. Medina to second
Runner from 3rd tries for Home, SAFE, throw by CF to home
Batting: RHB Dean Cunningham 0-0: Ball
1-0: Ball
2-0: Called Strike
2-1: Foul Ball, location: 9LSF
2-2: Ground out 5-3 (Groundball, 56S, EV 90.0 MPH)
Bottom of the 7th over - 2 runs, 4 hits, 0 errors, 2 left on base; San Francisco 6 - Portland 2
TOP OF THE 8TH
San Francisco Giants batting - Pitching for Portland Hops : LHP John Burns
Batting: RHB Zavier Austin 0-0: Ball
1-0: Ground out 6-3 (Groundball, 6, EV 90.0 MPH)
Batting: SHB Cole Blake 0-0: Foul Ball, location: 2F
0-1: SINGLE (Flyball, 78S, EV 97.5 MPH)
Batting: RHB Rhett Damewood 0-0: Foul Ball, location: 9LSF
0-1: Foul Ball, location: 5DF
0-2: Fly out, F7 (Line Drive, 78M, EV 103.8 MPH)
Batting: RHB Sebastian Schleusner 0-0: Ball
1-0: Ground out 5-3 (Groundball, 56, EV 105.0 MPH)
Top of the 8th over - 0 runs, 1 hit, 0 errors, 1 left on base; San Francisco 6 - Portland 2
BOTTOM OF THE 8TH
Portland Hops batting - Pitching for San Francisco Giants : RHP Alcander Eaton
Batting: RHB Mason Stapleton 0-0: Called Strike
0-1: DOUBLE (Line Drive, 7LM, EV 100.6 MPH)
Batting: LHB Roy Popko 0-0: Ball
1-0: Ball
2-0: Called Strike
2-1: Ball
Wild Pitch!
Mason Stapleton to third
3-1: Called Strike
3-2: Fly out, F8 (Flyball, 8LD, EV 111.3 MPH)
Runner from 3rd tags up, SCORES, throw by CF
Pitching: LHP Neil Dunn
Pinch Hitting: RHB Michael Paul 0-0: Foul Ball, location: 2F
0-1: Fly out, F9 (Flyball, 89M, EV 95.6 MPH)
Batting: RHB Donato Santana 0-0: Swinging Strike
0-1: Swinging Strike
0-2: Ball
1-2: DOUBLE (Flyball, 8RXD, EV 91.3 MPH)
Batting: RHB Randy Najera 0-0: Foul Ball, location: 5DF
0-1: Ball
1-1: Swinging Strike
1-2: Strikes out swinging
Bottom of the 8th over - 1 run, 2 hits, 0 errors, 1 left on base; San Francisco 6 - Portland 3
TOP OF THE 9TH
San Francisco Giants batting - Pitching for Portland Hops : LHP John Burns
Pitching: RHP Antoine Berrios
Now in RF: Michael Paul
Batting: LHB Ray Gettelfinger 0-0: Ball
1-0: DOUBLE (Line Drive, 9LD, EV 110.0 MPH)
Batting: RHB Kaiden Clackum 0-0: Called Strike
0-1: Foul Ball, location: 2F
0-2: Ball
1-2: Ball
2-2: Ground out 6-3 (Groundball, 6, EV 88.1 MPH)
Batting: RHB Nolan Peterson 0-0: Swinging Strike
0-1: Foul Ball, location: 2F
0-2: Ball
1-2: Ball
2-2: Foul Ball, location: 2F
2-2: Ground out 6-3 (Groundball, 6, EV 86.3 MPH)
Ray Gettelfinger to third
Batting: LHB Jeff Edelman 0-0: Ground out 6-3 (Groundball, 6M, EV 81.3 MPH)
Top of the 9th over - 0 runs, 1 hit, 0 errors, 1 left on base; San Francisco 6 - Portland 3
BOTTOM OF THE 9TH
Portland Hops batting - Pitching for San Francisco Giants : LHP Neil Dunn
Pitching: RHP Smokey Deveraux
Batting: RHB R.J. Medina 0-0: SINGLE (Groundball, 6MD, EV 95.0 MPH)
Batting: LHB Noah Austin 0-0: Called Strike
0-1: Ball
1-1: Ball
2-1: Grounds into double play, 5-4-3 (Groundball, 56, EV 100.6 MPH)
Pinch Hitting: LHB Hiroshi Takase 0-0: Ball
1-0: Foul Ball, location: 2F
1-1: Called Strike
1-2: Ball
2-2: Foul Ball, location: 3FF
2-2: Ground out 4-3 (Groundball, 34, EV 78.8 MPH)
Bottom of the 9th over - 0 runs, 1 hit, 0 errors, 0 left on base; San Francisco 6 - Portland 3
Tuesday, May 7th , 2024 - OOTP Baseball 24.11 Build 85